 Dungeon Crawl Stone Soup version 0.22.1-2-g9c5b331383 (webtiles) character file.

1183 Marnok the Ruffian (level 8, -20/78 HPs)
             Began as a Troll Berserker on Nov 25, 2018.
             Was a Priest of Trog.
             Demolished by Duvessa
             ... wielding a +1 rapier of freezing
              (22 damage)
             ... on level 5 of the Dungeon.
             The game lasted 00:16:28 (2375 turns).

Marnok the Ruffian (Troll Berserker)                Turns: 2375, Time: 00:16:30

Health: -20/78     AC:  7    Str: 25 (28) XL:     8   Next: 19%
Magic:  7/7        EV: 11    Int:  0 (3)  God:    Trog [***...]
Gold:   168        SH:  0    Dex:  8 (9)  Spells: 7/7 levels left

rFire    . . .     SeeInvis .     - Unarmed
rCold    . . .     Gourm    +   (no shield)
rNeg     . . .     Faith    .   q - +2 animal skin
rPois    .         Spirit   .   (helmet restricted)
rElec    .         Reflect  .   (no cloak)
rCorr    .         Harm     .   (gloves unavailable)
MR       .....                  (boots unavailable)
Stlth    +.........             (no amulet)
HPRegen  0.63/turn              (no ring)
MPRegen  0.10/turn              (no ring)

@: slowed, lost intelligence, very slow
A: large, unfitting armour, claws 3, fast metabolism 3, gourmand, regeneration
1, shaggy fur 1, tough skin 2
a: Berserk, Trog's Hand, Renounce Religion


You were on level 5 of the Dungeon.
You worshipped Trog.
Trog was most pleased with you.
You were not hungry.

You visited 1 branch of the dungeon, and saw 6 of its levels.

You collected 168 gold pieces.

Inventory:

Hand Weapons
 h - a +2 whip of freezing
 m - a +3 hand axe of electrocution
Missiles
 j - 2 tomahawks of dispersal (quivered)
 r - 4 steel tomahawks
Armour
 l - a +2 robe of magic resistance
 q - a +2 animal skin (worn)
Jewellery
 g - an uncursed ring of ice {unknown}
 i - an uncursed amulet of regeneration {unknown}
Wands
 p - a wand of digging (11)
 v - a wand of acid (8)
Scrolls
 a - a scroll of identify
 c - a scroll of enchant armour
 d - a scroll of enchant weapon
 f - 3 scrolls of teleportation
 k - a scroll of remove curse
 s - a scroll of magic mapping {unknown}
Potions
 o - a potion of ambrosia {unknown}
 u - a potion of lignification {unknown}
Comestibles
 b - 5 rations


   Skills:
 + Level 3.7 Fighting
 + Level 5.0 Dodging
 + Level 0.9 Stealth
 + Level 7.8 Unarmed Combat


You had 7 spell levels left.
You didn't know any spells.
Your spell library was empty.

Dungeon Overview and Level Annotations

Branches:
Dungeon (6/15)             Temple (0/1) D:4

Altars:

Annotations:
D:5 Duvessa


Innate Abilities, Weirdness & Mutations

You are too large for most types of armour.
You have claws for hands.
Your metabolism is lightning-fast.
You like to eat raw meat.
Your natural rate of healing is unusually fast.
You are covered in fur. (AC +1)
You have very tough skin. (AC +2)


Message History

You feel weakened.
You feel dopey.
You have lost your intelligence.
You feel clumsy.
Duvessa hits you with a rapier of freezing!
* * * LOW HITPOINT WARNING * * *
Duvessa freezes you.
* * * LOW HITPOINT WARNING * * *
Duvessa hits you but does no damage. Duvessa completely misses you.
Duvessa hits you with a rapier of freezing.
* * * LOW HITPOINT WARNING * * *
Duvessa freezes you.
* * * LOW HITPOINT WARNING * * *
You can move again.
It was a potion of curing.
You feel better. Duvessa closely misses you.
Duvessa hits you with a rapier of freezing!
* * * LOW HITPOINT WARNING * * *
Duvessa freezes you.
* * * LOW HITPOINT WARNING * * *
Duvessa hits you with a rapier of freezing!!
You die...

#.# #.# +## #.#
..## #.### ...##
##.#.## .[..##
##...#.##
.....####...###.##
.....'.......#.e)#
.....####...#.##@#
....## #.....##.#
...## #.#.####.#
..## #.#.# #.#
+#### #.... ..#
.#.. .##.## ###
.#.# . .#.# ...###


You could see Duvessa (berserk).

Vanquished Creatures
  Pikel (D:5)
  A sky beast (D:5)
  A phantom (D:4)
  Dowan (D:5)
  A howler monkey (D:4)
  2 orc priests
  2 hounds (D:4)
  A jelly (D:5)
  An iguana (D:4)
  Ijyb (D:5)
  An orc wizard (D:3)
  2 hound skeletons (D:4)
  Robin (D:4)
  6 adders
  A shadow imp (D:5)
  3 oozes
  4 worms
  A dart slug (D:1)
  3 leopard geckos
  15 orcs
  2 bats (D:1)
  3 giant cockroaches
  7 goblins
  9 hobgoblins
  7 jackals (D:3)
  A frilled lizard (D:3)
  2 kobolds
  2 rats (D:3)
82 creatures vanquished.

Vanquished Creatures (others)
  A rat (D:5)
1 creature vanquished.

Grand Total: 83 creatures vanquished

Notes
Turn   | Place    | Note
-------+----------+-------------------------------------------
     0 | D:1      | Marnok the Troll Berserker began the quest for the Orb.
     0 | D:1      | Reached XP level 1. HP: 22/22 MP: 0/0
   105 | D:1      | Reached XP level 2. HP: 25/29 MP: 1/1
   492 | D:3      | Reached XP level 3. HP: 30/36 MP: 2/2
   576 | D:3      | Reached ** piety under Trog
   581 | D:3      | Reached XP level 4. HP: 20/44 MP: 3/3
   585 | D:3      | Reached skill level 4 in Unarmed Combat
   987 | D:3      | Reached XP level 5. HP: 53/53 MP: 4/4
  1109 | D:4      | Noticed Robin
  1130 | D:4      | Killed Robin
  1152 | D:4      | Reached skill level 5 in Unarmed Combat
  1301 | D:4      | Reached XP level 6. HP: 61/61 MP: 5/5
  1314 | D:4      | Found a staircase to the Ecumenical Temple.
  1357 | D:4      | Reached *** piety under Trog
  1570 | D:5      | Entered Level 5 of the Dungeon
  2000 | D:5      | Noticed a sky beast
  2012 | D:5      | Killed a sky beast
  2012 | D:5      | Reached skill level 6 in Unarmed Combat
  2012 | D:5      | Reached XP level 7. HP: 39/67 MP: 6/6
  2124 | D:5      | Noticed Pikel
  2154 | D:5      | Killed Pikel
  2154 | D:5      | Reached skill level 7 in Unarmed Combat
  2154 | D:5      | Reached XP level 8. HP: 48/76 MP: 7/7
  2248 | D:5      | Noticed Ijyb
  2254 | D:5      | Killed Ijyb
  2358 | D:5      | Noticed Dowan
  2359 | D:5      | Noticed Duvessa
  2368 | D:5      | Killed Dowan
  2368 | D:5      | Reached skill level 5 in Dodging
  2372 | D:5      | Lost intelligence.
  2375 | D:5      | HP: 2/78 [Duvessa/rapier of freezing (4)]
  2375 | D:5      | Demolished by Duvessa

Skill      XL: |  1  2  3  4  5  6  7  8 |
---------------+-------------------------+-----
Dodging        | 3 4 5 |  5.0
Fighting       | 3 |  3.7
Unarmed Combat | 4 5 6 7 |  7.8
Stealth        | |  0.9

Action                   |  1- 3 |  4- 6 |  7- 9 || total
-------------------------+-------+-------+-------++-------
Melee: Unarmed           |    49 |   151 |    45 ||   245
       Punch             |     1 |     6 |     3 ||    10
Invok: Berserk           |       |     1 |       ||     1
  Use: Scroll            |       |     6 |     1 ||     7
       Potion            |       |       |     2 ||     2
 Stab: Sleeping          |     1 |       |       ||     1
  Eat: Chunk             |     3 |    15 |     1 ||    19
       Ration            |       |       |     1 ||     1
Armor: Animal skin       |    28 |    54 |    13 ||    95
Dodge: Dodged            |    38 |    77 |    27 ||   142
